 Dungeon Crawl Stone Soup version 0.19.5 (webtiles) character file.

50 Gargoyl the Skirmisher (level 3, -2/31 HPs)
             Began as a Ghoul Abyssal Knight on Apr 3, 2017.
             Was a Follower of Lugonu.
             Slain by a water moccasin (6 damage)
             ... on level 3 of the Dungeon.
             The game lasted 00:04:49 (1882 turns).

Gargoyl the Skirmisher (Ghoul Abyssal Knight)       Turns: 1882, Time: 00:04:49

Health: -2/31      AC:  7    Str: 15    XL:     3   Next: 79%
Magic:  4/4        EV:  9    Int:  7    God:    Lugonu [*.....]
Gold:   107        SH:  0    Dex:  9    Spells: 0 memorised, 2 levels left

rFire  . . .     SeeInvis .     a - +1 hand axe
rCold  + . .     Gourm    .     g - +0 scale mail
rNeg   + + +     Faith    .     (no shield)
rPois  ∞         Spirit   .     (no helmet)
rElec  .         Reflect  .     i - +0 cloak
rCorr  +         Harm     .     (no gloves)
MR     .....                    (no boots)
Stlth  ..........               (no amulet)
                                (no ring)
                                b - ring of resist corrosion

@: rotting
A: rotting body, claws 1, carnivore 3, cold resistance 1, negative energy
resistance 3, slow regeneration 1, torment resistance, unbreathing
a: Depart the Abyss, Renounce Religion


You were on level 3 of the Dungeon.
You worshipped Lugonu.
Lugonu was aware of your devotion.
You were not hungry.

You visited 1 branch of the dungeon, and saw 3 of its levels.
You visited the Abyss 1 time.

You collected 107 gold pieces.

Inventory:

Hand Weapons
 a - a +1 hand axe (weapon)
 p - a +0 spear
Armour
 g - a +0 scale mail (worn)
 i - a +0 cloak (worn)
Jewellery
 b - a ring of resist corrosion (left claw)
Scrolls
 d - 3 scrolls of enchant armour
 f - 2 scrolls of remove curse
 k - a scroll of magic mapping
 m - a scroll of identify
Potions
 o - a potion of mutation {unknown}
Comestibles
 c - 3 meat rations
 h - a slice of pizza
 j - a beef jerky


   Skills:
 + Level 3.6 Fighting
 + Level 2.2 Axes
 * Level 2.3 Armour
 + Level 1.1 Dodging
 * Level 2.8 Invocations


You had 2 spell levels left.
You didn't know any spells.

Dungeon Overview and Level Annotations

Branches:
Dungeon (3/15)

Altars:


Innate Abilities, Weirdness & Mutations

Your body is rotting away.
You thrive on raw meat.
You are immune to poison.
You have sharp fingernails.
You are carnivorous and can eat meat at any time.
Your flesh is cold resistant. (rC+)
You are immune to negative energy. (rN+++)
You regenerate slowly when monsters are visible.
You are immune to unholy pain and torment.
You can survive without breathing.


Message History

The water moccasin closely misses you.
The water moccasin bites you but does no damage.
Your scale mail prevents you from hitting the water moccasin.
The water moccasin is severely wounded.
The water moccasin bites you but does no damage.
The water moccasin barely misses you.
You completely miss the water moccasin.
The water moccasin is severely wounded.
The water moccasin bites you but does no damage.
It was a potion of lignification.
You feel woody for a moment.
The water moccasin completely misses you.
The water moccasin bites you!
You closely miss the water moccasin.
The water moccasin is severely wounded.
The water moccasin bites you.
* * * LOW HITPOINT WARNING * * *
You closely miss the water moccasin.
The water moccasin is severely wounded.
The water moccasin bites you.
You die...

#...)........#
..........####
.............(#
.#######..####.#
#..# # #..##
#...# #...###.##
#..@S....#
#.#......#
#.#.###..# .....
..# .....# ##
..#.### ... . #.


You could see a water moccasin.

Vanquished Creatures
  An adder (D:2)
  An ooze (D:2)
  3 dart slugs (D:2)
  2 ball pythons
  3 bats
  A giant cockroach (D:1)
  6 goblins
  A hobgoblin (D:1)
  2 jackals (D:1)
  5 frilled lizards
  5 rats
30 creatures vanquished.

Notes
Turn   | Place    | Note
-------+----------+-------------------------------------------
     0 | Abyss:1  | Gargoyl the Ghoul Abyssal Knight began the quest for the Orb.
     0 | Abyss:1  | Reached XP level 1. HP: 19/19 MP: 1/1
   124 | Abyss:1  | Noticed a frost giant zombie
   124 | Abyss:1  | Noticed a raiju
   133 | Abyss:1  | Noticed a small abomination
   177 | D:1      | Escaped the Abyss
   442 | D:1      | Reached XP level 2. HP: 21/25 MP: 2/2
   481 | D:1      | Reached * piety under Lugonu
  1127 | D:2      | Reached skill level 1 in Dodging
  1127 | D:2      | Reached XP level 3. HP: 29/31 MP: 3/3
  1867 | D:3      | Noticed a water moccasin
  1882 | D:3      | Slain by a water moccasin

Skill      XL: |  1  2 |
---------------+-------+-----
Axes           | 2 |  2.2
Armour         | 2 |  2.3
Dodging        | 1 |  1.1
Fighting       | |  3.6
Invocations    | |  2.8

Action                   || total
-------------------------++-------
Melee: Hand axe          ||   113
Invok: Depart the Abyss  ||     1
  Use: Scroll            ||    11
       Potion            ||     3
  Eat: Chunk             ||    19
Armor: Leather armour    ||    15
       Ring mail         ||    22
       Scale mail        ||     6
Dodge: Dodged            ||    74
